[ AOE2 MATCH · #485710299 ]
UnrankedJapanese vs Cumans
[ REPLAY ANALYSIS · EXTRACTED FROM THE RECORDED GAME ]
Feudal
11:47
Castle
23:10
Imperial
—
| APM avg | 49.8 |
| APM peak | 68 |
| eAPM avg | 20.9 |
| Villagers / military | 96 / 88 |
Focus
⚔️ 36.6% · 🌾 63.4%
Cavalry Archer ×60 · Knight ×9 · Scout Cavalry ×9 · Monk ×7 · Spearman ×3
Feudal
11:36
Castle
22:53
Imperial
—
| APM avg | 33.1 |
| APM peak | 63 |
| eAPM avg | 19.7 |
| Villagers / military | 148 / 28 |
Focus
⚔️ 31.3% · 🌾 68.7%
Camel Scout ×20 · Spearman ×7 · Kipchak ×1
Feudal
12:09
Castle
15:50
Imperial
—
| APM avg | 52.1 |
| APM peak | 92 |
| eAPM avg | 33.4 |
| Villagers / military | 117 / 64 |
Focus
⚔️ 50.2% · 🌾 49.8%
Magyar Huszar ×63 · Monk ×1
Feudal
13:43
Castle
18:38
Imperial
—
| APM avg | 28.3 |
| APM peak | 50 |
| eAPM avg | 16.8 |
| Villagers / military | 68 / 44 |
Focus
⚔️ 45.8% · 🌾 54.2%
Ratha (Ranged) ×42 · Monk ×2
Match map
Initial resources + every placement click. Lines = walls · curves = elevation contours. ◆ gold · ⬟ stone · ● berries · ✦ relic · ◌ wall gap
Your base· Open — unwalled flank
[BÜN] Nehekbo's base· Open — unwalled flank
TAG_Sitaux's base· Open — 8t gap
[BÜN] Mr. Grüezi's base· Open — unwalled flank
Smoothed initial terrain · ◌ = detected wall gap · hover for details
Inputs per minute
— TAG_Smiley - - [BÜN] Nehekbo
Build order — TAG_Smiley
First 150 of 239 actions detected
| 0:20 | Build | Town Center |
| 2:26 | Build | House |
| 2:32 | Queue | Villager (Male) |
| 2:32 | Queue | Villager (Male) |
| 2:32 | Queue | Villager (Male) |
| 2:32 | Queue | Villager (Male) |
| 3:45 | Queue | Villager (Male) |
| 4:03 | Queue | Villager (Male) |
| 4:38 | Build | Lumber Camp |
| 4:39 | Queue | Villager (Male) |
| 4:39 | Queue | Villager (Male) |
| 4:41 | Build | House |
| 5:09 | Queue | Villager (Male) |
| 5:28 | Queue | Villager (Male) |
| 5:39 | Queue | Villager (Male) |
| 5:59 | Build | Mill |
| 6:03 | Queue | Villager (Male) |
| 6:03 | Queue | Villager (Male) |
| 6:29 | Build | House |
| 6:46 | Queue | Villager (Male) |
| 6:46 | Queue | Villager (Male) |
| 6:47 | Queue | Villager (Male) |
| 7:26 | Queue | Villager (Male) |
| 7:32 | Build | House |
| 8:27 | Build | House |
| 8:35 | Queue | Villager (Male) |
| 8:36 | Queue | Villager (Male) |
| 8:55 | Research | Loom |
| 9:37 | Research | Feudal Age |
| 9:46 | Build | Barracks |
| 10:12 | Queue | Villager (Male) |
| 11:47 | Age | Feudal Age |
| 11:51 | Build | Stable |
| 12:03 | Build | Palisade Gate |
| 12:06 | Build | Palisade Wall |
| 12:08 | Build | Palisade Wall |
| 12:12 | Queue | Villager (Male) |
| 12:14 | Queue | Villager (Male) |
| 12:14 | Queue | Villager (Male) |
| 12:15 | Queue | Villager (Male) |
| 12:18 | Build | House |
| 12:20 | Build | Palisade Wall |
| 12:25 | Queue | Spearman |
| 12:26 | Queue | Scout Cavalry |
| 12:26 | Queue | Scout Cavalry |
| 12:35 | Queue | Villager (Male) |
| 12:44 | Queue | Villager (Male) |
| 12:54 | Queue | Spearman |
| 12:56 | Queue | Scout Cavalry |
| 13:00 | Queue | Scout Cavalry |
| 13:07 | Research | Double-Bit Axe |
| 13:11 | Queue | Scout Cavalry |
| 13:28 | Queue | Spearman |
| 13:36 | Build | House |
| 13:37 | Build | Palisade Wall |
| 13:38 | Build | Palisade Wall |
| 13:40 | Build | House |
| 13:54 | Build | House |
| 13:56 | Build | Palisade Wall |
| 13:58 | Build | House |
| 13:58 | Build | Palisade Wall |
| 14:11 | Queue | Scout Cavalry |
| 14:15 | Queue | Villager (Male) |
| 14:16 | Queue | Villager (Male) |
| 14:22 | Queue | Scout Cavalry |
| 14:59 | Queue | Villager (Male) |
| 15:02 | Queue | Scout Cavalry |
| 15:21 | Queue | Villager (Male) |
| 15:27 | Queue | Scout Cavalry |
| 15:33 | Queue | Villager (Male) |
| 16:00 | Build | Mining Camp |
| 16:13 | Queue | Villager (Male) |
| 16:25 | Queue | Villager (Male) |
| 16:28 | Build | Mining Camp |
| 16:32 | Build | Mill |
| 16:41 | Queue | Villager (Male) |
| 16:47 | Research | Horse Collar |
| 17:18 | Queue | Villager (Male) |
| 17:23 | Build | Farm |
| 17:41 | Queue | Villager (Male) |
| 18:00 | Build | Farm |
| 18:01 | Build | Farm |
| 18:05 | Build | Farm |
| 18:18 | Queue | Villager (Male) |
| 18:23 | Build | Market |
| 18:26 | Build | Blacksmith |
| 18:40 | Build | Farm |
| 18:43 | Build | Mining Camp |
| 18:45 | Queue | Villager (Male) |
| 18:54 | Queue | Villager (Male) |
| 19:18 | Queue | Villager (Male) |
| 19:23 | Queue | Villager (Male) |
| 19:34 | Queue | Villager (Male) |
| 19:39 | Build | House |
| 19:41 | Build | House |
| 20:00 | Queue | Villager (Male) |
| 20:05 | Build | Lumber Camp |
| 20:24 | Research | Castle Age |
| 20:25 | Research | Castle Age |
| 20:44 | Build | Stable |
| 21:06 | Research | Scale Barding Armor |
| 21:20 | Research | Gold Mining |
| 21:40 | Research | Bloodlines |
| 21:56 | Queue | Villager (Male) |
| 22:05 | Build | House |
| 22:31 | Queue | Villager (Male) |
| 22:33 | Research | Forging |
| 23:10 | Age | Castle Age |
| 23:12 | Queue | Knight |
| 23:12 | Queue | Knight |
| 23:13 | Queue | Knight |
| 23:20 | Queue | Knight |
| 23:21 | Queue | Knight |
| 23:29 | Build | Town Center |
| 23:39 | Queue | Villager (Male) |
| 23:43 | Build | Town Center |
| 23:44 | Queue | Knight |
| 23:59 | Build | Monastery |
| 24:08 | Queue | Knight |
| 24:08 | Queue | Knight |
| 24:09 | Queue | Villager (Male) |
| 24:10 | Queue | Villager (Male) |
| 24:24 | Queue | Villager (Male) |
| 24:36 | Queue | Knight |
| 24:49 | Queue | Villager (Male) |
| 25:06 | Queue | Monk |
| 25:12 | Queue | Villager (Male) |
| 25:13 | Queue | Villager (Male) |
| 25:38 | Queue | Villager (Male) |
| 25:39 | Build | Archery Range |
| 25:48 | Queue | Villager (Male) |
| 25:51 | Research | Fletching |
| 26:10 | Queue | Villager (Male) |
| 26:11 | Queue | Villager (Male) |
| 26:18 | Queue | Monk |
| 26:26 | Queue | Villager (Male) |
| 26:26 | Queue | Villager (Male) |
| 26:26 | Queue | Villager (Male) |
| 26:35 | Build | Archery Range |
| 26:41 | Queue | Villager (Male) |
| 26:41 | Queue | Villager (Male) |
| 26:50 | Queue | Monk |
| 27:01 | Queue | Monk |
| 27:04 | Queue | Cavalry Archer |
| 27:06 | Queue | Villager (Male) |
| 27:06 | Queue | Villager (Male) |
| 27:10 | Queue | Cavalry Archer |
| 27:10 | Queue | Cavalry Archer |
| 27:19 | Queue | Cavalry Archer |
| 27:24 | Queue | Villager (Male) |
Build order — [BÜN] Nehekbo
First 150 of 290 actions detected
| 0:56 | Build | Town Center |
| 2:49 | Build | House |
| 3:10 | Queue | Villager (Male) ×4 |
| 4:24 | Queue | Villager (Male) |
| 5:00 | Build | Lumber Camp |
| 5:07 | Build | House |
| 5:15 | Queue | Villager (Male) |
| 5:15 | Queue | Villager (Male) |
| 5:15 | Queue | Villager (Male) |
| 5:19 | Build | Lumber Camp |
| 5:59 | Queue | Villager (Male) |
| 6:08 | Queue | Villager (Male) |
| 6:25 | Queue | Villager (Male) |
| 6:58 | Build | House |
| 7:45 | Queue | Villager (Male) |
| 7:46 | Queue | Villager (Male) |
| 7:50 | Queue | Villager (Male) |
| 7:54 | Build | Mill |
| 8:14 | Queue | Villager (Male) |
| 9:19 | Research | Feudal Age |
| 9:22 | Research | Loom |
| 11:13 | Build | Palisade Wall |
| 11:29 | Queue | Villager (Male) |
| 11:36 | Age | Feudal Age |
| 11:38 | Build | Town Center |
| 11:58 | Build | House |
| 12:02 | Build | Palisade Wall |
| 12:04 | Queue | Villager (Male) |
| 12:19 | Research | Double-Bit Axe |
| 12:28 | Queue | Villager (Male) |
| 12:55 | Queue | Villager (Male) |
| 12:55 | Queue | Villager (Male) |
| 12:56 | Queue | Villager (Male) |
| 13:17 | Queue | Villager (Male) |
| 13:17 | Queue | Villager (Male) |
| 13:29 | Build | Mill |
| 13:33 | Queue | Villager (Male) |
| 13:53 | Queue | Villager (Male) |
| 13:56 | Research | Horse Collar |
| 14:16 | Queue | Villager (Male) |
| 14:16 | Queue | Villager (Male) |
| 14:24 | Build | House |
| 14:54 | Build | Palisade Gate |
| 14:55 | Queue | Villager (Male) |
| 14:57 | Queue | Villager (Male) |
| 15:03 | Queue | Villager (Male) |
| 15:09 | Build | House |
| 15:12 | Queue | Villager (Male) |
| 15:23 | Queue | Villager (Male) |
| 15:33 | Queue | Villager (Male) |
| 15:40 | Build | Barracks |
| 16:13 | Queue | Villager (Male) |
| 16:14 | Queue | Villager (Male) |
| 16:31 | Queue | Villager (Male) |
| 16:39 | Queue | Villager (Male) |
| 16:40 | Queue | Spearman |
| 16:43 | Build | House |
| 16:48 | Research | Wheelbarrow |
| 16:51 | Queue | Villager (Male) |
| 16:51 | Queue | Villager (Male) |
| 16:56 | Build | Mining Camp |
| 17:18 | Queue | Spearman |
| 17:22 | Queue | Villager (Male) |
| 17:28 | Build | House |
| 17:33 | Build | Palisade Wall |
| 17:34 | Build | Palisade Wall |
| 17:40 | Queue | Villager (Male) |
| 17:54 | Queue | Villager (Male) |
| 17:54 | Queue | Villager (Male) |
| 17:55 | Queue | Spearman |
| 18:18 | Build | Stable |
| 18:21 | Build | Blacksmith |
| 18:50 | Queue | Villager (Male) |
| 18:50 | Queue | Villager (Male) |
| 18:51 | Queue | Spearman |
| 19:07 | Build | Market |
| 19:11 | Build | Stable |
| 19:18 | Queue | Villager (Male) |
| 19:19 | Queue | Villager (Male) |
| 19:31 | Build | House |
| 19:33 | Build | House |
| 19:46 | Queue | Villager (Male) |
| 20:13 | Research | Castle Age |
| 20:15 | Queue | Villager (Male) |
| 20:15 | Queue | Villager (Male) |
| 20:26 | Build | Farm |
| 20:26 | Build | Farm |
| 20:27 | Build | Farm |
| 20:40 | Build | Farm |
| 20:42 | Build | Farm |
| 20:49 | Build | Farm |
| 20:50 | Queue | Villager (Male) |
| 20:50 | Queue | Villager (Male) |
| 20:55 | Queue | Spearman |
| 20:56 | Queue | Spearman |
| 21:41 | Queue | Villager (Male) |
| 21:51 | Build | Palisade Wall |
| 21:53 | Build | Palisade Wall |
| 21:58 | Queue | Villager (Male) |
| 22:05 | Research | Bloodlines |
| 22:15 | Build | House |
| 22:21 | Build | Palisade Wall |
| 22:38 | Queue | Villager (Male) |
| 22:53 | Age | Castle Age |
| 22:54 | Build | Town Center |
| 22:56 | Queue | Camel Scout |
| 22:56 | Queue | Camel Scout |
| 22:58 | Queue | Villager (Male) |
| 23:06 | Queue | Villager (Male) |
| 23:22 | Queue | Villager (Male) |
| 23:24 | Queue | Camel Scout |
| 23:41 | Queue | Villager (Male) |
| 23:41 | Queue | Villager (Male) |
| 23:45 | Queue | Villager (Male) |
| 23:49 | Queue | Villager (Male) |
| 24:09 | Queue | Villager (Male) |
| 24:09 | Queue | Villager (Male) |
| 24:11 | Queue | Villager (Male) |
| 24:15 | Queue | Villager (Male) |
| 24:37 | Queue | Villager (Male) |
| 24:37 | Queue | Villager (Male) |
| 24:46 | Queue | Villager (Male) |
| 24:56 | Queue | Villager (Male) |
| 24:56 | Queue | Villager (Male) |
| 25:22 | Build | Town Center |
| 25:26 | Queue | Villager (Male) |
| 25:27 | Queue | Spearman |
| 25:35 | Queue | Villager (Male) |
| 25:35 | Queue | Villager (Male) |
| 25:44 | Queue | Camel Scout |
| 25:52 | Queue | Camel Scout |
| 25:54 | Queue | Villager (Male) |
| 25:55 | Queue | Villager (Male) |
| 26:03 | Build | Farm |
| 26:03 | Queue | Villager (Male) |
| 26:09 | Queue | Villager (Male) |
| 26:28 | Queue | Villager (Male) |
| 26:42 | Queue | Villager (Male) |
| 26:50 | Queue | Villager (Male) |
| 27:02 | Build | Farm |
| 27:02 | Build | Farm |
| 27:21 | Queue | Villager (Male) |
| 27:28 | Queue | Villager (Male) |
| 27:31 | Build | House |
| 27:33 | Build | House |
| 27:35 | Build | House |
| 27:38 | Build | Farm |
| 27:44 | Build | Farm |
| 27:45 | Build | Farm |
| 27:46 | Build | Farm |
Build order — TAG_Sitaux
First 150 of 324 actions detected
| 0:17 | Build | Town Center |
| 2:04 | Build | House |
| 2:29 | Queue | Villager (Male) |
| 2:29 | Queue | Villager (Male) |
| 2:30 | Queue | Villager (Male) |
| 2:30 | Queue | Villager (Male) |
| 3:39 | Queue | Villager (Male) |
| 4:02 | Queue | Villager (Male) |
| 4:14 | Build | House |
| 4:23 | Queue | Villager (Male) |
| 4:54 | Queue | Villager (Male) |
| 5:11 | Build | Lumber Camp |
| 5:24 | Queue | Villager (Male) |
| 5:50 | Queue | Villager (Male) |
| 6:20 | Queue | Villager (Male) |
| 6:20 | Queue | Villager (Male) |
| 6:25 | Build | House |
| 6:57 | Queue | Villager (Male) |
| 7:25 | Queue | Villager (Male) |
| 7:55 | Build | Mill |
| 7:55 | Queue | Villager (Male) |
| 8:06 | Build | House |
| 8:29 | Build | Palisade Wall |
| 8:36 | Build | Palisade Wall |
| 8:39 | Queue | Villager (Male) |
| 8:42 | Build | Palisade Wall |
| 8:48 | Build | Palisade Wall |
| 8:55 | Build | Palisade Wall |
| 8:58 | Queue | Villager (Male) |
| 9:18 | Build | House |
| 9:24 | Queue | Villager (Male) |
| 9:49 | Build | Mining Camp |
| 9:58 | Research | Feudal Age |
| 11:02 | Queue | Villager (Male) |
| 11:02 | Research | Loom |
| 12:09 | Age | Feudal Age |
| 12:12 | Build | Market |
| 12:16 | Build | Blacksmith |
| 12:18 | Build | Palisade Wall |
| 12:20 | Build | Palisade Wall |
| 12:21 | Build | Palisade Wall |
| 13:10 | Research | Castle Age |
| 13:14 | Build | Palisade Wall |
| 13:14 | Build | Palisade Wall |
| 13:22 | Build | House |
| 13:42 | Build | Palisade Wall |
| 13:43 | Build | Palisade Wall |
| 14:13 | Research | Double-Bit Axe |
| 14:13 | Research | Double-Bit Axe |
| 14:29 | Build | Palisade Gate |
| 15:13 | Build | Palisade Wall |
| 15:14 | Build | Palisade Wall |
| 15:15 | Build | Palisade Gate |
| 15:49 | Queue | Villager (Male) |
| 15:50 | Age | Castle Age |
| 16:01 | Build | Castle |
| 16:11 | Build | Mining Camp |
| 16:12 | Queue | Villager (Male) |
| 16:23 | Build | Mill |
| 16:32 | Queue | Villager (Male) |
| 16:56 | Queue | Villager (Male) |
| 17:21 | Queue | Villager (Male) |
| 17:35 | Queue | Magyar Huszar |
| 17:42 | Queue | Magyar Huszar |
| 17:45 | Queue | Villager (Male) |
| 18:10 | Queue | Magyar Huszar |
| 18:16 | Queue | Villager (Male) |
| 18:23 | Queue | Magyar Huszar |
| 18:35 | Queue | Villager (Male) |
| 18:43 | Queue | Magyar Huszar |
| 18:50 | Queue | Villager (Male) |
| 18:51 | Queue | Magyar Huszar |
| 19:11 | Build | Town Center |
| 19:13 | Queue | Villager (Male) |
| 19:14 | Queue | Magyar Huszar |
| 19:40 | Queue | Villager (Male) |
| 19:55 | Queue | Magyar Huszar |
| 20:08 | Queue | Magyar Huszar |
| 20:17 | Research | Bow Saw |
| 20:17 | Research | Bow Saw |
| 20:24 | Build | Mill |
| 20:26 | Queue | Villager (Male) |
| 20:28 | Queue | Villager (Male) |
| 20:31 | Build | Farm |
| 20:34 | Queue | Villager (Male) |
| 20:54 | Queue | Villager (Male) |
| 21:03 | Queue | Villager (Male) |
| 21:04 | Build | Farm |
| 21:21 | Queue | Villager (Male) |
| 21:26 | Queue | Magyar Huszar |
| 21:37 | Queue | Villager (Male) |
| 21:41 | Queue | Magyar Huszar |
| 21:54 | Queue | Villager (Male) |
| 21:55 | Queue | Villager (Male) |
| 22:01 | Build | Town Center |
| 22:19 | Queue | Villager (Male) |
| 22:23 | Queue | Magyar Huszar |
| 22:35 | Queue | Villager (Male) |
| 22:37 | Queue | Magyar Huszar |
| 22:41 | Build | Farm |
| 22:42 | Build | Farm |
| 22:44 | Build | Farm |
| 22:48 | Build | Farm |
| 22:49 | Queue | Villager (Male) |
| 22:57 | Queue | Villager (Male) |
| 23:07 | Research | Horse Collar |
| 23:18 | Queue | Villager (Male) |
| 23:24 | Queue | Villager (Male) |
| 23:25 | Build | Farm |
| 23:27 | Build | Farm |
| 23:28 | Build | House |
| 23:29 | Build | House |
| 23:45 | Queue | Villager (Male) |
| 23:54 | Queue | Magyar Huszar |
| 23:59 | Queue | Villager (Male) |
| 24:14 | Queue | Villager (Male) |
| 24:26 | Queue | Villager (Male) |
| 24:27 | Queue | Villager (Male) |
| 24:27 | Queue | Villager (Male) |
| 24:35 | Queue | Villager (Male) |
| 24:40 | Build | Town Center |
| 24:44 | Queue | Magyar Huszar |
| 24:51 | Queue | Villager (Male) |
| 24:59 | Queue | Villager (Male) |
| 25:03 | Build | Farm |
| 25:04 | Build | Farm |
| 25:05 | Build | Farm |
| 25:10 | Research | Heavy Plow |
| 25:17 | Queue | Villager (Male) |
| 25:25 | Queue | Villager (Male) |
| 25:25 | Queue | Villager (Male) |
| 25:27 | Queue | Magyar Huszar |
| 25:27 | Queue | Magyar Huszar |
| 25:38 | Queue | Villager (Male) |
| 25:41 | Queue | Magyar Huszar |
| 25:48 | Queue | Villager (Male) |
| 25:58 | Queue | Magyar Huszar |
| 25:58 | Queue | Magyar Huszar |
| 26:03 | Queue | Villager (Male) |
| 26:03 | Queue | Villager (Male) |
| 26:07 | Build | House |
| 26:07 | Build | House |
| 26:10 | Queue | Villager (Male) |
| 26:26 | Queue | Villager (Male) |
| 26:31 | Build | Farm |
| 26:32 | Build | Farm |
| 26:33 | Build | Mill |
| 26:35 | Build | Farm |
| 26:35 | Build | Farm |
| 26:36 | Build | Farm |
Build order — [BÜN] Mr. Grüezi
First 150 of 188 actions detected
| 0:24 | Build | Town Center |
| 2:02 | Build | House |
| 2:02 | Build | House |
| 2:23 | Queue | Villager (Male) ×4 |
| 3:29 | Queue | Villager (Male) |
| 3:56 | Queue | Villager (Male) |
| 4:25 | Queue | Villager (Male) |
| 4:31 | Build | Lumber Camp |
| 4:54 | Queue | Villager (Male) |
| 5:23 | Queue | Villager (Male) |
| 5:34 | Queue | Villager (Male) |
| 5:52 | Build | House |
| 5:53 | Build | House |
| 6:07 | Queue | Villager (Male) |
| 6:07 | Queue | Villager (Male) |
| 6:18 | Build | House |
| 7:01 | Queue | Villager (Male) |
| 7:06 | Build | Mill |
| 7:15 | Queue | Villager (Male) |
| 8:05 | Queue | Villager (Male) |
| 8:31 | Queue | Villager (Male) |
| 8:48 | Build | Mill |
| 8:56 | Queue | Villager (Male) |
| 9:19 | Queue | Villager (Male) |
| 9:42 | Queue | Villager (Male) |
| 10:14 | Queue | Villager (Male) |
| 10:33 | Build | Mining Camp |
| 10:35 | Queue | Villager (Male) |
| 11:08 | Queue | Villager (Male) |
| 11:09 | Research | Feudal Age |
| 11:14 | Build | Mining Camp |
| 11:34 | Build | House |
| 11:36 | Build | House |
| 11:52 | Build | House |
| 12:59 | Queue | Villager (Male) |
| 13:00 | Queue | Villager (Male) |
| 13:32 | Build | House |
| 13:43 | Age | Feudal Age |
| 13:46 | Build | Market |
| 13:48 | Build | Blacksmith |
| 14:16 | Research | Double-Bit Axe |
| 14:29 | Research | Loom |
| 14:36 | Build | House |
| 14:39 | Build | House |
| 14:47 | Build | Stone Wall |
| 15:07 | Build | Stone Wall |
| 15:08 | Queue | Villager (Male) |
| 15:16 | Queue | Villager (Male) |
| 15:23 | Build | House |
| 15:34 | Queue | Villager (Male) |
| 15:57 | Research | Castle Age |
| 16:08 | Build | House |
| 16:14 | Build | House |
| 16:16 | Build | House |
| 16:19 | Build | House |
| 16:22 | Build | House |
| 16:25 | Build | Palisade Wall |
| 17:28 | Research | Fletching |
| 17:32 | Research | Gold Mining |
| 18:11 | Build | Lumber Camp |
| 18:24 | Queue | Villager (Male) |
| 18:29 | Queue | Villager (Male) |
| 18:38 | Age | Castle Age |
| 18:48 | Build | Castle |
| 18:56 | Build | Stone Wall |
| 18:58 | Build | House |
| 19:02 | Research | Gold Shaft Mining |
| 19:02 | Research | Gold Shaft Mining |
| 19:12 | Build | House |
| 19:13 | Queue | Villager (Male) |
| 19:19 | Queue | Villager (Male) |
| 19:37 | Queue | Villager (Male) |
| 19:55 | Research | Bow Saw |
| 20:20 | Queue | Villager (Male) |
| 20:28 | Queue | Ratha (Ranged) |
| 20:28 | Queue | Ratha (Ranged) |
| 20:42 | Build | Mill |
| 20:49 | Queue | Villager (Male) |
| 20:54 | Queue | Ratha (Ranged) |
| 21:05 | Queue | Ratha (Ranged) |
| 21:16 | Queue | Villager (Male) |
| 21:25 | Research | Bodkin Arrow |
| 21:46 | Queue | Ratha (Ranged) |
| 21:54 | Queue | Villager (Male) |
| 22:06 | Build | House |
| 22:08 | Build | House |
| 22:12 | Queue | Ratha (Ranged) |
| 22:13 | Queue | Villager (Male) |
| 22:29 | Queue | Villager (Male) |
| 22:39 | Build | University |
| 23:06 | Queue | Villager (Male) |
| 23:16 | Queue | Villager (Male) |
| 23:27 | Queue | Villager (Male) |
| 23:28 | Queue | Ratha (Ranged) |
| 23:28 | Queue | Ratha (Ranged) |
| 23:37 | Build | Barracks |
| 23:38 | Research | Ballistics |
| 23:39 | Queue | Villager (Male) |
| 23:43 | Build | Monastery |
| 23:53 | Build | Lumber Camp |
| 24:07 | Queue | Villager (Male) |
| 24:08 | Queue | Ratha (Ranged) |
| 24:18 | Queue | Villager (Male) |
| 24:32 | Build | Archery Range |
| 24:33 | Queue | Monk |
| 24:43 | Queue | Ratha (Ranged) |
| 24:58 | Queue | Villager (Male) |
| 25:05 | Queue | Ratha (Ranged) |
| 25:15 | Queue | Ratha (Ranged) |
| 25:36 | Build | Stable |
| 26:18 | Queue | Ratha (Ranged) |
| 26:18 | Queue | Ratha (Ranged) |
| 26:26 | Queue | Villager (Male) |
| 26:27 | Queue | Villager (Male) |
| 26:51 | Queue | Ratha (Ranged) |
| 27:04 | Research | Paiks |
| 27:10 | Build | Mining Camp |
| 27:23 | Queue | Villager (Male) |
| 27:25 | Queue | Villager (Male) |
| 27:36 | Research | Horse Collar |
| 27:49 | Queue | Villager (Male) |
| 28:00 | Build | Mill |
| 28:08 | Queue | Ratha (Ranged) |
| 28:08 | Queue | Ratha (Ranged) |
| 29:23 | Queue | Ratha (Ranged) |
| 29:24 | Queue | Villager (Male) |
| 29:24 | Queue | Villager (Male) |
| 29:25 | Queue | Ratha (Ranged) |
| 29:25 | Queue | Ratha (Ranged) |
| 29:35 | Queue | Ratha (Ranged) |
| 29:44 | Queue | Villager (Male) |
| 29:48 | Queue | Ratha (Ranged) |
| 30:00 | Queue | Villager (Male) |
| 30:17 | Build | Farm |
| 30:20 | Build | Farm |
| 30:21 | Build | Farm |
| 30:22 | Build | Farm |
| 30:23 | Build | Farm |
| 30:24 | Build | Farm |
| 30:26 | Build | Farm |
| 30:26 | Build | Farm |
| 30:28 | Queue | Villager (Male) |
| 30:31 | Queue | Ratha (Ranged) |
| 30:48 | Queue | Ratha (Ranged) |
| 30:49 | Queue | Ratha (Ranged) |
| 30:57 | Queue | Ratha (Ranged) |
| 30:59 | Queue | Villager (Male) |
| 31:08 | Queue | Villager (Male) |
| 31:10 | Queue | Ratha (Ranged) |
| 31:31 | Research | Bloodlines |
Match timeline
| 8:29 | TAG_Sitaux · wall_segment Palisade Wall x1 |
| 8:36 | TAG_Sitaux · wall_segment Palisade Wall x1 |
| 8:42 | TAG_Sitaux · wall_segment Palisade Wall x1 |
| 8:48 | TAG_Sitaux · wall_segment Palisade Wall x1 |
| 8:55 | TAG_Sitaux · wall_segment Palisade Wall x1 |
| 9:46 | TAG_Smiley · first_building Barracks |
| 11:13 | [BÜN] Nehekbo · wall_segment Palisade Wall x4 |
| 11:36 | [BÜN] Nehekbo · age_up feudal |
| 11:47 | TAG_Smiley · age_up feudal |
| 11:51 | TAG_Smiley · first_building Stable |
| 12:02 | [BÜN] Nehekbo · wall_segment Palisade Wall x5 |
| 12:06 | TAG_Smiley · wall_segment Palisade Wall x1 |
| 12:08 | TAG_Smiley · wall_segment Palisade Wall x2 |
| 12:09 | TAG_Sitaux · age_up feudal |
| 12:18 | TAG_Sitaux · wall_segment Palisade Wall x3 |
| 12:20 | TAG_Sitaux · wall_segment Palisade Wall x1 |
| 12:20 | TAG_Smiley · wall_segment Palisade Wall x12 |
| 12:21 | TAG_Sitaux · wall_segment Palisade Wall x1 |
| 13:14 | TAG_Sitaux · wall_segment Palisade Wall x1 |
| 13:14 | TAG_Sitaux · wall_segment Palisade Wall x1 |
| 13:37 | TAG_Smiley · wall_segment Palisade Wall x1 |
| 13:38 | TAG_Smiley · wall_segment Palisade Wall x4 |
| 13:42 | TAG_Sitaux · wall_segment Palisade Wall x7 |
| 13:43 | TAG_Sitaux · wall_segment Palisade Wall x4 |
| 13:43 | [BÜN] Mr. Grüezi · age_up feudal |
| 13:56 | TAG_Smiley · wall_segment Palisade Wall x5 |
| 13:58 | TAG_Smiley · wall_segment Palisade Wall x3 |
| 14:47 | [BÜN] Mr. Grüezi · wall_segment Stone Wall x1 |
| 15:07 | [BÜN] Mr. Grüezi · wall_segment Stone Wall x1 |
| 15:13 | TAG_Sitaux · wall_segment Palisade Wall x5 |
| 15:14 | TAG_Sitaux · wall_segment Palisade Wall x4 |
| 15:40 | [BÜN] Nehekbo · first_building Barracks |
| 15:50 | TAG_Sitaux · age_up castle |
| 16:01 | TAG_Sitaux · first_building Castle |
| 16:25 | [BÜN] Mr. Grüezi · wall_segment Palisade Wall x1 |
| 17:33 | [BÜN] Nehekbo · wall_segment Palisade Wall x1 |
| 17:34 | [BÜN] Nehekbo · wall_segment Palisade Wall x1 |
| 18:18 | [BÜN] Nehekbo · first_building Stable |
| 18:38 | [BÜN] Mr. Grüezi · age_up castle |
| 18:48 | [BÜN] Mr. Grüezi · first_building Castle |
| 18:56 | [BÜN] Mr. Grüezi · wall_segment Stone Wall x1 |
| 20:27 | TAG_Sitaux · first_market_buy 100 food |
| 21:19 | [BÜN] Mr. Grüezi · first_market_sell 100 wood |
| 21:51 | [BÜN] Nehekbo · wall_segment Palisade Wall x3 |
| 21:53 | [BÜN] Nehekbo · wall_segment Palisade Wall x1 |
| 22:02 | [BÜN] Nehekbo · first_market_sell 100 food |
| 22:21 | [BÜN] Nehekbo · wall_segment Palisade Wall x1 |
| 22:53 | [BÜN] Nehekbo · age_up castle |
| 23:10 | TAG_Smiley · age_up castle |
| 23:37 | [BÜN] Mr. Grüezi · first_building Barracks |
| 23:43 | [BÜN] Mr. Grüezi · first_building Monastery |
| 23:59 | TAG_Smiley · first_building Monastery |
| 24:32 | [BÜN] Mr. Grüezi · first_building Archery Range |
| 25:10 | [BÜN] Nehekbo · first_market_buy 100 stone |
| 25:36 | [BÜN] Mr. Grüezi · first_building Stable |
| 25:39 | TAG_Smiley · first_building Archery Range |
| 27:58 | TAG_Sitaux · first_building Barracks |
| 30:12 | TAG_Sitaux · first_building Stable |
| 30:28 | [BÜN] Nehekbo · first_building Castle |
| 32:18 | [BÜN] Mr. Grüezi · first_market_buy 100 stone |
| 32:32 | [BÜN] Nehekbo · wall_segment Palisade Wall x1 |
| 32:33 | [BÜN] Nehekbo · wall_segment Palisade Wall x1 |
| 32:35 | [BÜN] Nehekbo · wall_segment Palisade Wall x1 |
| 32:48 | TAG_Sitaux · first_market_sell 100 food |
| 32:59 | TAG_Smiley · first_market_buy 100 wood |
| 34:00 | TAG_Sitaux · first_building Monastery |
| 35:31 | [BÜN] Mr. Grüezi · resign |
[ AI ANALYSIS · 1 CREDIT ]
What really happened in this match?
Wolo.gg analyzes every decision: build order, eco, micro, common mistakes by bracket. Personalized analysis on WhatsApp or Discord in 30 seconds.
Civ guide
Japanese
Perfil
Jugador #18004412